 Dungeon Crawl Stone Soup version 0.21.1-1-g345015fe64 (webtiles) character file.

18 Ivernyr the Charmwright (level 2, -1/22 HPs)
             Began as a Demonspawn Skald on Apr 25, 2018.
             Slain by a leopard gecko (2 damage)
             ... on level 2 of the Dungeon.
             The game lasted 00:02:58 (1383 turns).

Ivernyr the Charmwright (Demonspawn Skald)          Turns: 1383, Time: 00:02:58

Health: -1/22      AC:  3    Str: 11    XL:     2   Next: 48%
Magic:  5/5        EV: 11    Int: 14    God:
Gold:   88         SH:  0    Dex: 12    Spells: 0/5 levels left

rFire    . . .     SeeInvis .   a - +0 falchion
rCold    . . .     Gourm    .   (no shield)
rNeg     . . .     Faith    .   b - +0 leather armour
rPois    .         Spirit   .   (no helmet)
rElec    .         Reflect  .   (no cloak)
rCorr    .         Harm     .   (no gloves)
MR       .....                  (no boots)
Stlth    +.........             (no amulet)
HPRegen  0.07/turn              (no ring)
MPRegen  0.09/turn              (no ring)

@: no status effects
A: talons 1
a: no special abilities


You were on level 2 of the Dungeon.
You were very hungry.

You visited 1 branch of the dungeon, and saw 2 of its levels.

You collected 88 gold pieces.

Inventory:

Hand Weapons
 a - a +0 falchion (weapon)
Armour
 b - a +0 leather armour (worn)
Scrolls
 f - a scroll of teleportation {unknown}
 i - 2 scrolls of identify {unknown}
 j - a scroll of amnesia {unknown}
Potions
 e - a potion of heal wounds {unknown}
 g - a potion of degeneration {unknown}
 h - a potion of haste {unknown}
Books
 c - a book of Battle

   Spells                             Type                      Level
   a - Infusion                       Charms                       1
   b - Shroud of Golubria             Charms/Translocation         2
   c - Song of Slaying                Charms                       2
   d - Spectral Weapon                Hexes/Charms                 3
   e - Regeneration                   Charms/Necromancy            3
Comestibles
 d - 5 rations


   Skills:
 + Level 2.2 Fighting
 + Level 2.0 Long Blades
 * Level 1.5 Armour
 - Level 1.7 Dodging
 - Level 2.0 Spellcasting
 + Level 2.8 Charms


You couldn't memorise any spells.
You knew the following spells:

 Your Spells              Type           Power        Failure   Level  Hunger
a - Shroud of Golubria    Chrm/Tloc      #.........   26%         2    ###....
b - Song of Slaying       Chrm           #.......     14%         2    ###....
c - Infusion              Chrm           #...         10%         1    ##.....


Dungeon Overview and Level Annotations

Branches:
Dungeon (2/15)

Altars:


Innate Abilities, Weirdness & Mutations

You have sharp toenails.


Message History

You miss the leopard gecko.
The leopard gecko is moderately wounded.
The leopard gecko bites you but does no damage.
You hit the leopard gecko. Your kick misses the leopard gecko.
The leopard gecko is almost dead.
The leopard gecko closely misses you.
You miss the leopard gecko.
The leopard gecko is almost dead.
The leopard gecko bites you. x2
* * * LOW HITPOINT WARNING * * *
Unknown command.
You miss the leopard gecko. Your kick misses the leopard gecko.
The leopard gecko is almost dead.
The leopard gecko barely misses you.
You completely miss the leopard gecko.
The leopard gecko is almost dead.
The leopard gecko bites you.
* * * LOW HITPOINT WARNING * * *
The leopard gecko bites you.
You die...

#.######.##.....####
#..#........##.........
#...................###
##...................#<.
#..>....................
#................#.#.#.#
#................#.#####
.................#..
#....l@......#######
..............#
#......###.#.....#
..####. #.+...... . #)
###......# #. #.....?#
#. ......# #. ....


You could see a leopard gecko.

Vanquished Creatures
  A dart slug (D:2)
  2 goblins (D:1)
  4 hobgoblins (D:1)
  A quokka (D:2)
  A bat (D:1)
  2 frilled lizards (D:1)
  4 kobolds (D:1)
  A rat (D:2)
16 creatures vanquished.

Notes
Turn   | Place    | Note
-------+----------+-------------------------------------------
     0 | D:1      | Ivernyr the Demonspawn Skald began the quest for the Orb.
     0 | D:1      | Reached XP level 1. HP: 16/16 MP: 3/3
    17 | D:1      | Noticed an electric eel
   130 | D:1      | Reached skill level 1 in Armour
   655 | D:1      | Gained mutation: You have sharp toenails. [demonic ancestry]
   655 | D:1      | Reached XP level 2. HP: 21/22 MP: 5/5
   660 | D:1      | Learned a level 2 spell: Song of Slaying
   663 | D:1      | Learned a level 2 spell: Shroud of Golubria
  1383 | D:2      | HP: 1/22 [leopard gecko (4)]
  1383 | D:2      | Slain by a leopard gecko

Skill      XL: |  1  2 |
---------------+-------+-----
Armour         | 1 |  1.5
Long Blades    | 2 |  2.0
Fighting       | |  2.2
Dodging        | |  1.7
Spellcasting   | |  2.0
Charms         | |  2.8

Action                   || total
-------------------------++-------
Melee: Falchion          ||    55
       Kick              ||     6
Armor: Leather armour    ||    17
Dodge: Dodged            ||    30
       Rpst.: Falchion   ||    12
